 Dungeon Crawl Stone Soup version 0.28.0-53-g5a82cb258f (webtiles) character file.

Game seed: 56696014826888127

9478 Ashen the Ogre Mage (level 11, -3/111 HPs)
             Began as an Ogre Ice Elementalist on June 29, 2022.
             Was a Priest of Vehumet.
             Slain by a two-headed ogre
             ... wielding a +0 giant spiked club
              (19 damage)
             ... on level 11 of the Dungeon.
             The game lasted 00:34:19 (11372 turns).

Ashen the Ogre Mage (Ogre Ice Elementalist)        Turns: 11372, Time: 00:34:28

Health: -3/111     AC: 14    Str: 14    XL:     11   Next: 47%
Magic:  18/23      EV: 11    Int: 22    God:    Vehumet [***...]
Gold:   622        SH:  0    Dex:  9    Spells: 12/26 levels left

rFire   . . .      SeeInvis .   I - +1 dagger (venom)
rCold   . . .      Faith    .   (no shield)
rNeg    . . .      Spirit   .   H - +2 robe {Will+}
rPois   .          Reflect  .   (helmet restricted)
rElec   .          Harm     .   t - +0 cloak "Janil" {Int+2}
rCorr   .          Rampage  .   (gloves unavailable)
Will    ++...                   (boots unavailable)
Stlth   +++.......              q - amulet of regeneration
HPRegen 1.08/turn               l - ring of wizardry
MPRegen 0.18/turn               a - ring of flight

@: ice-armoured, freezing walls, flying
A: large, unfitting armour, tough skin 1
a: Renounce Religion


You were on level 11 of the Dungeon.
You worshipped Vehumet.
Vehumet was most pleased with you.
You visited 2 branches of the dungeon, and saw 12 of its levels.
You also visited: Sewer.

You collected 622 gold pieces.

Inventory:

Hand Weapons
 k - a +0 arbalest
 C - a +2 giant spiked club of freezing
 I - a +1 dagger of venom (weapon)
Missiles
 p - a throwing net
 B - 70 bolts
Armour
 t - the +0 cloak "Janil" (worn) {Int+2}
   (You found it on level 4 of the Dungeon)

   Int:       It affects your intelligence (+2).
 F - a +1 robe of the Archmagi
 H - a +2 robe of willpower (worn)
Jewellery
 a - a ring of flight (right hand)
 i - a ring of fire
 l - a ring of wizardry (left hand)
 q - an amulet of regeneration (around neck)
 r - a +6 ring of dexterity
 y - an amulet of guardian spirit
Wands
 h - a wand of iceblast (6)
 v - a wand of acid (7)
 D - a wand of flame (32)
 E - a wand of polymorph (6)
 M - a wand of digging (4)
Scrolls
 c - 7 scrolls of fog
 g - 2 scrolls of magic mapping
 o - 2 scrolls of enchant armour
 x - a scroll of amnesia
 J - a scroll of teleportation
 K - a scroll of vulnerability {unknown}
 L - 3 scrolls of identify
Potions
 b - 9 potions of curing
 d - 3 potions of resistance
 e - 3 potions of attraction
 f - 3 potions of haste
 j - a potion of ambrosia
 m - a potion of magic
 n - 2 potions of flight {unknown}
 s - 2 potions of berserk rage
 u - 2 potions of brilliance {unknown}
 z - a potion of mutation
 A - a potion of might
 G - a potion of cancellation


   Skills:
 + Level 8.0 Fighting
 + Level 6.6 Maces & Flails
 + Level 6.6 Dodging
 - Level 5.0 Stealth
 + Level 8.0 Spellcasting
 + Level 6.6 Conjurations
 + Level 6.6 Ice Magic


You had 12 spell levels left.
You knew the following spells:

 Your Spells              Type           Power      Damage    Failure   Level
a - Freeze                Ice            100%       1d11      1%          1
b - Frozen Ramparts       Ice            76%        1d9       1%          3
c - Ozocubu's Armour      Ice            38%        N/A       1%          3
d - Hailstorm             Conj/Ice       38%        3d9       1%          4
e - Dazzling Flash        Conj/Hex       46%        N/A       1%          3

Your spell library contained the following spells:

 Spells                   Type           Power      Damage    Failure   Level
 Scorch                   Fire           16%        2d5       1%          2
 Flame Wave               Conj/Fire      23%        2d7       2%          4
 Summon Cactus Giant      Summ           4%         N/A       98%         6


Dungeon Overview and Level Annotations

Branches:
Dungeon (11/15)            Temple (1/1) D:5            Lair (0/6) D:11
    Orc (0/2) D:9           Sewer (visited)

Altars:
Ashenzari
Cheibriados
Dithmenos
Elyvilon
Fedhas
Gozag
Hepliaklqana
Kikubaaqudgha
Makhleb
Nemelex Xobeh
Okawaru
Qazlal
Ru
Sif Muna
Trog
Uskayaw
Vehumet
Wu Jian
Xom
Yredelemnul
Zin
The Shining One

Annotations:
D:4 Natasha
D:6 2 transporters, Ashen's ghost, novice GnWz


Innate Abilities, Weirdness & Mutations

You are too large for most types of armour.
You have tough skin. (AC +1)


Message History

Aim: a meliai zombie (lightly damaged)
Okay, then.
Casting: Freeze (safe; 1% risk of failure)
Confirm with . or Enter, or press ? or * to list all spells.
Okay, then.
As you read the scroll of teleportation, it crumbles to dust.
You feel strangely unstable. The meliai zombie barely misses you.
The meliai zombie hits you. The meliai zombie misses you. x2
Your surroundings suddenly seem different.
A gnoll sergeant, 3 gnolls and a two-headed ogre come into view.
Found 22 gold pieces and a potion of heal wounds.
The gnoll shouts!
The gnoll sergeant shouts!
The two-headed ogre shouts in stereo!
The gnoll shouts!
Casting: Freeze (safe; 1% risk of failure)
Confirm with . or Enter, or press ? or * to list all spells.
A film of ice covers your body! The gnoll hits you but does no damage.
Casting: Ozocubu's Armour (safe; 1% risk of failure)
Confirm with . or Enter, or press ? or * to list all spells.
Casting: Frozen Ramparts (safe; 1% risk of failure)
Press: ? - help, Dir - look around, f - activate The walls around you are covered in ice.
The wall freezes the two-headed ogre!
The wall freezes the gnoll sergeant!
Okay, then.
You hit the two-headed ogre.
The two-headed ogre is poisoned.
The two-headed ogre is moderately wounded.
The wall freezes the gnoll sergeant.
You hit the two-headed ogre but do no damage.
The two-headed ogre is moderately wounded.
The wall freezes the two-headed ogre.
The two-headed ogre hits you with a +0 giant spiked club.
The two-headed ogre hits you with a +0 giant club.
The wall freezes the gnoll.
You completely miss the two-headed ogre.
The two-headed ogre is moderately wounded.
The wall freezes the two-headed ogre!
The two-headed ogre hits you with a +0 giant spiked club!!
* * * LOW HITPOINT WARNING * * *
The two-headed ogre hits you with a +0 giant club!!
You die...

#########
#.......#
#.......#
#.......#
###...$...#
#####g........#
##.Oggg#...g!..#
#.@#####...g...#
+..## #.O.....#
### #.......#
#.......#
#.......#
######.## ##


You could see a two-headed ogre (very poisoned), a gnoll sergeant and 3 gnolls.

Vanquished Creatures
  A two-headed ogre (D:10)
  A cyclops (D:11)
  An unseen horror (D:11)
  2 trolls
  2 wyverns
  2 basilisks (D:11)
  18 yaks
  A steam dragon (D:10)
  3 vampire mosquitoes (D:11)
  3 water moccasins (D:11)
  2 ice beasts (D:7)
  A hornet zombie (D:7)
  Pargi (Sewer)
  2 orc warriors
  A sky beast (D:7)
  2 necrophages
  2 centaurs
  3 ogres
  2 bullfrogs
  A kobold brigand (D:7)
  A gnoll sergeant (D:9)
  A scorpion (D:7)
  17 killer bees
  12 wights
  5 centaur zombies
  2 jellies
  3 gnoll shamans
  3 orc priests
  4 hounds
  3 bullfrog skeletons
  2 iguanas
  Natasha (D:4)
  4 orc wizards
  A hound zombie (D:5)
  5 adders
  14 gnolls
  A river rat (D:5)
  A shadow imp (D:7)
  An ufetubus (D:5)
  An adder skeleton (D:4)
  2 worms (D:2)
  15 orcs
  5 ball pythons
  12 endoplasms
  3 giant cockroaches
  5 goblins
  4 hobgoblins
  3 jackals (D:5)
  10 kobolds
  7 quokkas
  7 bats
  10 frilled lizards
  3 rats
219 creatures vanquished.

Vanquished Creatures (others)
  2 fungi (D:5)
  3 plants (D:5)
5 creatures vanquished.

Grand Total: 224 creatures vanquished

Notes
Turn   | Place    | Note
-------+----------+-------------------------------------------
     0 | D:1      | Ashen the Ogre Ice Elementalist began the quest for the
                  | Orb.
     0 | D:1      | Reached XP level 1. HP: 16/16 MP: 3/3
   223 | D:1      | Reached XP level 2. HP: 26/26 MP: 0/5
   466 | D:1      | Reached skill level 1 in Fighting
   994 | D:2      | Reached XP level 3. HP: 33/33 MP: 5/7
  1365 | D:2      | Reached XP level 4. HP: 30/42 MP: 3/8
  1906 | D:2      | Found a hide-covered altar of Uskayaw.
  2317 | D:3      | Found a broken altar of Ashenzari.
  2548 | D:3      | Found a faded altar of an unknown god.
  3171 | D:4      | Found a shimmering blue altar of Sif Muna.
  3390 | D:3      | Learned a level 3 spell: Frozen Ramparts
  3394 | D:3      | Learned a level 3 spell: Ozocubu's Armour
  3419 | D:4      | Reached XP level 5. HP: 20/50 MP: 2/9
  3692 | D:4      | Identified the +0 cloak "Janil" {Int+2}
  4065 | D:4      | Noticed Natasha
  4072 | D:4      | Killed Natasha
  4073 | D:4      | Reached skill level 1 in Maces & Flails
  4207 | D:4      | Noticed Natasha
  4368 | D:5      | Entered Level 5 of the Dungeon
  4398 | D:5      | Reached XP level 6. HP: 59/59 MP: 6/11
  4471 | D:5      | Noticed a necrophage
  4569 | D:5      | Found a glowing drain.
  4582 | Sewer    | Entered a sewer
  4672 | Sewer    | Noticed Pargi
  4679 | Sewer    | Killed Pargi
  4689 | Sewer    | Learned a level 4 spell: Hailstorm
  4872 | D:5      | Reached XP level 7. HP: 62/67 MP: 2/13
  5085 | D:5      | Found a staircase to the Ecumenical Temple.
  5102 | Temple   | Entered the Ecumenical Temple
  5415 | Temple   | Became a worshipper of Vehumet
  5844 | D:5      | Reached skill level 1 in Conjurations
  6133 | D:6      | Noticed a yak
  6133 | D:6      | Noticed Ashen's ghost (novice GnWz)
  6133 | D:6      | Found a transporter.
  6133 | D:6      | Found a transporter.
  6258 | D:6      | Reached XP level 8. HP: 57/79 MP: 4/14
  6332 | D:6      | Found an opulent altar of Gozag.
  6815 | D:7      | Reached skill level 5 in Ice Magic
  6898 | D:7      | Reached skill level 5 in Fighting
  6898 | D:7      | Reached skill level 5 in Spellcasting
  7288 | D:7      | Reached * piety under Vehumet
  7288 | D:7      | Offered knowledge of Magic Dart by Vehumet.
  7291 | D:7      | Reached XP level 9. HP: 82/88 MP: 10/17
  7579 | D:7      | Reached skill level 5 in Dodging
  7774 | D:8      | Reached skill level 5 in Stealth
  7775 | D:8      | Reached skill level 5 in Maces & Flails
  7775 | D:8      | Offered knowledge of Shock by Vehumet.
  7777 | D:8      | Reached skill level 5 in Conjurations
  7795 | D:8      | Reached ** piety under Vehumet
  7953 | D:7      | Reached XP level 10. HP: 54/84 MP: 13/19
  8990 | D:9      | Found a staircase to the Orcish Mines.
  9340 | D:10     | Entered Level 10 of the Dungeon
  9438 | D:10     | Found a hazy altar of Hepliaklqana.
 10091 | D:10     | Offered knowledge of Dazzling Flash by Vehumet.
 10101 | D:10     | Learned a level 3 spell: Dazzling Flash
 10241 | D:10     | Noticed a two-headed ogre
 10300 | D:10     | Killed a two-headed ogre
 10301 | D:10     | Reached XP level 11. HP: 71/109 MP: 14/22
 10790 | D:11     | Noticed a cyclops
 10888 | D:11     | Killed a cyclops
 11126 | D:11     | Found a staircase to the Lair.
 11146 | D:11     | Reached *** piety under Vehumet
 11359 | D:11     | Noticed a two-headed ogre
 11372 | D:11     | Slain by a two-headed ogre

Illustrated notes

Levels and vault maps discovered:
D:1:      dpeg_arrival_simpleton_b, layout_rooms
D:2:      layout_loops_corners, basic_altar, wad_floor_pattern_1,
          minmay_heptomino_d4
D:3:      layout_rooms, mainiacjoe_overflow_surrounded_room,
          chequers_ecumenical_altar_island, serial_corexii_hall,
          chequers_hall_statues_corner_a, chequers_hall_statues_y,
          chequers_hall_statues_corner_a, chequers_hall_statues_wall_a,
          chequers_mini_garden
D:4:      nicolae_cairo_tiling_very_big, layout_loops_corners,
          nicolae_sif_muna_condensation, minmay_cupped, uniq_natasha
D:5:      layout_loops_ring, minmay_temple_entry_gardened_gates,
          serial_aquarium, aquarium_bridge_square [aquarium_subvault_bridge,
          aquarium_subvault_wall, aquarium_subvault_wall,
          aquarium_subvault_wall], aquarium_window_corner, aquarium_window_fake,
          aquarium_view_2d, aquarium_view_2e, aquarium_balcony_5b,
          gup_sewer_entry_bowl
D:6:      layout_rooms, nicolae_overflow_crystal_walls, gammafunk_ghost_arena
D:7:      lemuel_ice_spiral_2, layout_rooms
D:8:      layout_rooms, nicolae_water_bricks, kennysheep_crisscross
D:9:      layout_loops_cross, orc_0_dummy
D:10:     layout_layer_cave, lemuel_crystal_altar
D:11:     layout_roguey, minmay_lair_entry_grove
Temple:   dpeg_five_rooms_temple

Skill      XL: |  1  2  3  4  5  6  7  8  9 10 11 |
---------------+----------------------------------+-----
Dodging        | 2 3 4 5 6 |  6.6
Fighting       | 1 2 3 4 5 7 8 |  8.0
Spellcasting   | 3 4 5 6 7 8 |  8.0
Ice Magic      | 4 5 6 |  6.6
Stealth        | 2 3 5 |  5.0
Maces & Flails | 1 2 3 5 6 |  6.6
Conjurations   | 1 3 5 6 |  6.6

Action                   |  1- 3 |  4- 6 |  7- 9 | 10-12 || total
-------------------------+-------+-------+-------+-------++-------
Melee: Unarmed           |    13 |       |       |       ||    13
       Whip              |    12 |     5 |       |       ||    17
       Mace              |       |    65 |   119 |       ||   184
       Punch             |       |     2 |     2 |     3 ||     7
       Giant spiked club |       |       |    43 |    44 ||    87
       Short sword       |       |       |    35 |       ||    35
       Dagger            |       |       |    24 |   176 ||   200
 Fire: Arbalest          |       |       |       |     1 ||     1
 Cast: Freeze            |    52 |    38 |    25 |     4 ||   119
       Frozen Ramparts   |       |     7 |    15 |    20 ||    42
       Ozocubu's Armour  |       |     5 |    21 |    32 ||    58
       Hailstorm         |       |       |     2 |    18 ||    20
       Dazzling Flash    |       |       |       |     2 ||     2
  Use: Scroll            |       |     2 |    14 |     6 ||    22
       Potion            |       |       |       |     2 ||     2
 Stab: Sleeping          |     1 |     5 |     3 |     1 ||    10
Armor: Robe              |    21 |    44 |   164 |   135 ||   364
Dodge: Dodged            |    45 |    56 |   203 |   175 ||   479
